 Dungeon Crawl Stone Soup version 0.25-a0-366-g516bc45ae0 (webtiles) character file.

Game seed: 15659017757945445209, levelgen mode: deterministic

19924 Caramio the Cleaver (level 12, -3/105 HPs)
             Began as a Deep Dwarf Fighter on Jan 6, 2020.
             Was an Initiate of Gozag.
             Killed from afar by an electric eel (9 damage)
             ... with a bolt of electricity
             ... on level 3 of the Lair of Beasts.
             The game lasted 00:10:47 (10731 turns).

Caramio the Cleaver (Deep Dwarf Fighter)           Turns: 10731, Time: 00:10:47

Health: -3/105     AC: 18    Str: 26    XL:     12   Next: 40%
Magic:  0/0        EV: 11    Int:  8    God:    Gozag
Gold:   3348       SH: 12    Dex: 12    Spells: 11/11 levels left

rFire    . . .     SeeInvis .   Y - +1 broad axe
rCold    . . .     Gourm    .   c - +0 shield
rNeg     . . .     Faith    .   f - +0 plate armour
rPois    +         Spirit   .   j - +1 helmet
rElec    .         Reflect  .   o - +0 cloak
rCorr    .         Harm     .   (no gloves)
MR       +....                  n - +0 pair of boots {Fly}
Stlth    ..........             (no amulet)
HPRegen  0.00/turn              h - ring of poison resistance
MPRegen  0.07/turn              p - +3 ring of evasion

@: flying, non-regenerating
A: damage resistance, heal wounds, sense surroundings 2, no regeneration
a: Heal Wounds, Potion Petition, Call Merchant, Bribe Branch, Renounce Religion,
Stop Flying


You were on level 3 of the Lair of Beasts.
You worshipped Gozag.
Gozag was most pleased with you.
You were not hungry.

You visited 2 branches of the dungeon, and saw 15 of its levels.

You collected 3446 gold pieces.
You spent 58 gold pieces at shops.
You paid 40 gold pieces to Gozag.


Innate Abilities, Weirdness & Mutations

You are resistant to damage.
You can heal yourself by infusing magical energy.
You passively map the area around you.
You do not regenerate.


   Skills:
 - Level 6.1 Fighting
 + Level 13.9 Axes
 - Level 8.1 Armour
 - Level 5.4 Dodging
 - Level 9.0 Shields
 + Level 12.7 Evocations


You had 11 spell levels left.
You didn't know any spells.
Your spell library was empty.

Inventory:

Hand Weapons
 m - a +3 flail of protection
 Y - a +1 broad axe (weapon)
Armour
 c - a +0 shield (worn)
 f - a +0 plate armour (worn)
 j - a +1 helmet (worn)
 n - a +0 pair of boots of flying (worn)
 o - a +0 cloak (worn)
Jewellery
 h - a ring of poison resistance (left hand)
 l - an uncursed ring of poison resistance
 p - a +3 ring of evasion (right hand)
Wands
 a - a wand of flame (14)
Scrolls
 b - 4 scrolls of magic mapping
 d - 4 scrolls of identify
 i - 7 scrolls of remove curse
Potions
 g - a potion of mutation
Comestibles
 e - 17 rations

Dungeon Overview and Level Annotations

Branches:
Dungeon (11/15)            Temple (0/1) D:5            Lair (4/6) D:11
  Swamp (0/4) Lair:2       Spider (0/4) Lair:3          Orc (0/2) D:11

Altars:
Elyvilon
Gozag
Hepliaklqana
Kikubaaqudgha
Makhleb
Okawaru
Qazlal
Ru
Trog
Uskayaw
Xom
Yredelemnul
Zin
Beogh

Shops:
D:7 [   D:11 *

Annotations:
D:11 2 transporters
Lair:2 1 runed translucent door, Dommiel19's ghost, novice DrBe


Message History

The electric eel becomes distracted by your gold, dreaming of imaginary riches.
You closely miss the electric eel.
The electric eel is no longer distracted by gold.
You slash the electric eel!
The electric eel is almost dead.
The electric eel is no longer distracted by gold.
You completely miss the electric eel.
The electric eel is almost dead.
The electric eel shoots out a bolt of lightning at you!
The bolt of electricity hits you but does no damage.
You completely miss the electric eel.
The electric eel is almost dead.
You miss the electric eel. You hit the electric eel.
The electric eel is almost dead.
You closely miss the electric eel.
The electric eel shoots out a bolt of lightning at you!
The bolt of electricity hits you!
You die...
Your body crumbles into a pile of gold. 777777

77~~P~77
7~~~~~~777
77~~~~~~~P7
7~~~~~~~~P77
77~~~~~~~~~P7
7~~~~~~~~~~P7 * *
, 7P~~~~;@~~~~7 *
,, ,
*#~~~~~~;~P~~.# ,
,
~P~P~~~~~~~P....,,
, , ,,
+.P~~~~~~~~P~.#.#
* , ,
.~P~~~~P~PP~...# ,
,
,.P~P~~.~~~~~.###
, , ,
*.P.~...P..~P.# ,
, , ,
..?......!...# , ,
, ,, ,, , , , *


You could see 2 electric eels.

Vanquished Creatures
  A two-headed ogre (D:9)
  An orange crystal statue (D:9)
  A deep elf mage (D:10)
  2 ugly things (D:11)
  A cyclops (D:11)
  Psyche (D:11)
  2 black mambas
  4 spiny frogs
  A rime drake (Lair:3)
  2 komodo dragons
  2 trolls (D:11)
  A hornet (D:11)
  4 polar bears (Lair:1)
  5 hippogriffs
  A redback (Lair:3)
  Sigmund (D:3)
  A wraith (D:9)
  A human (D:10)
  2 wyverns
  13 yaks
  3 basilisks
  A steam dragon (D:11)
  Edmund (D:6)
  2 wargs (D:11)
  3 water moccasins
  5 porcupines
  5 ice beasts
  4 orc warriors
  4 black bears
  4 sky beasts
  6 ogres
  8 wolves (Lair:3)
  7 centaurs
  4 crocodiles
  A gnoll sergeant (D:9)
  9 bullfrogs
  2 scorpions
  18 killer bees
  12 wights
  6 howler monkeys
  2 electric eels (Lair:3)
  2 crimson imps
  A quasit (D:7)
  A centaur zombie (D:8)
  3 bullfrog skeletons
  3 hounds
  2 jellies
  An orc priest (D:9)
  3 centaur skeletons
  5 orc wizards
  Ijyb (D:3)
  Natasha (thrice) (D:4)
  3 iguanas
  8 worker ants
  A hound skeleton (D:4)
  14 adders
  15 gnolls
  2 shadow imps
  An ooze (D:4)
  4 adder skeletons
  An adder zombie (D:2)
  A worm (D:2)
  2 dart slugs
  8 leopard geckos
  34 orcs
  10 bats
  2 giant cockroaches
  17 goblins
  9 hobgoblins
  4 jackals (D:8)
  3 quokkas
  2 ball pythons
  4 frilled lizards
  A giant cockroach zombie (D:2)
  A jackal skeleton (D:4)
  14 kobolds
  8 rats
  A fungus (Lair:3)
  3 plants
352 creatures vanquished.

Vanquished Creatures (others)
  4 plants (D:11)
4 creatures vanquished.

Grand Total: 356 creatures vanquished

Notes
Turn   | Place    | Note
-------+----------+-------------------------------------------
     0 | D:1      | Caramio the Deep Dwarf Fighter began the quest for the Orb.
     0 | D:1      | Reached XP level 1. HP: 20/20 MP: 1/1
     0 | D:1      | 0 ||| counter = 9
     8 | D:1      | 8 ||| Stepping ~*~*~tactically~*~*~ (stealth).
    65 | D:1      | Reached skill level 3 in Axes
    80 | D:1      | Reached XP level 2. HP: 27/27 MP: 2/2
   146 | D:1      | 146 ||| Stepping ~*~*~tactically~*~*~ (stealth).
   151 | D:1      | 151 ||| Stepping ~*~*~tactically~*~*~ (stealth).
   152 | D:1      | 152 ||| Stepping ~*~*~tactically~*~*~ (stealth).
   154 | D:1      | Reached skill level 1 in Dodging
   155 | D:1      | 155 ||| Stepping ~*~*~tactically~*~*~ (stealth).
   165 | D:1      | 165 ||| Stepping ~*~*~tactically~*~*~ (stealth).
   166 | D:1      | 166 ||| Stepping ~*~*~tactically~*~*~ (stealth).
   830 | D:1      | Reached XP level 3. HP: 28/33 MP: 3/3
   866 | D:2      | 866 ||| Stepping ~*~*~tactically~*~*~ (hiding).
   867 | D:2      | 867 ||| Stepping ~*~*~tactically~*~*~ (hiding).
   868 | D:2      | 868 ||| Stepping ~*~*~tactically~*~*~ (hiding).
   903 | D:2      | Found an opulent altar of Gozag.
   914 | D:2      | Became a worshipper of Gozag Ym Sagoz the Greedy
  1061 | D:2      | Reached skill level 4 in Axes
  1142 | D:2      | 1142 ||| DROPPING +0 club.
  1144 | D:2      | 1144 ||| Stepping ~*~*~tactically~*~*~ (stealth).
  1169 | D:2      | Reached XP level 4. HP: 28/40 MP: 4/4
  1196 | D:2      | 1196 ||| Stepping ~*~*~tactically~*~*~ (hiding).
  1198 | D:2      | 1198 ||| Waiting for ranged monster.
  1199 | D:2      | 1199 ||| Waiting for ranged monster.
  1205 | D:2      | 1205 ||| Waiting for ranged monster.
  1411 | D:2      | 1411 ||| EATING 4 rations.
  1451 | D:2      | 1451 ||| INVOKING Heal Wounds.
  1453 | D:2      | Reached skill level 5 in Axes
  1456 | D:2      | Found a faded altar of an unknown god.
  1679 | D:2      | 1679 ||| READING scroll labeled APUAMU URUOSI.
  1683 | D:2      | 1683 ||| READING scroll labeled ICASCH NUACUNKI.
  1684 | D:2      | 1684 ||| READING 2 scrolls labeled SAICIT DOXKETZ.
  1685 | D:2      | 1685 ||| UPGRADING to mace.
  1686 | D:2      | 1686 ||| SWAPPING to +1 war axe.
  1687 | D:2      | 1687 ||| DRINKING 2 smoky dark potions.
  1713 | D:3      | Noticed Ijyb
  1716 | D:3      | 1716 ||| Stepping ~*~*~tactically~*~*~ (hiding).
  1718 | D:3      | 1718 ||| Stepping ~*~*~tactically~*~*~ (hiding).
  1719 | D:3      | 1719 ||| DRINKING potion of might.
  1719 | D:3      | 1719 ||| (Quaffed as a fallback buff.)
  1727 | D:3      | Killed Ijyb
  1727 | D:3      | Reached XP level 5. HP: 41/46 MP: 5/5
  1749 | D:3      | 1749 ||| Stepping ~*~*~tactically~*~*~ (hiding).
  1750 | D:3      | 1750 ||| Waiting for ranged monster.
  1751 | D:3      | 1751 ||| Waiting for ranged monster.
  1752 | D:3      | 1752 ||| Waiting for ranged monster.
  1753 | D:3      | 1753 ||| Waiting for ranged monster.
  1754 | D:3      | 1754 ||| Waiting for ranged monster.
  1802 | D:3      | Found a glowing silver altar of Zin.
  1803 | D:3      | 1803 ||| UPGRADING to jade ring.
  1853 | D:3      | 1853 ||| Stepping ~*~*~tactically~*~*~ (hiding).
  1854 | D:3      | 1854 ||| Waiting for ranged monster.
  1855 | D:3      | 1855 ||| Waiting for ranged monster.
  1856 | D:3      | 1856 ||| Waiting for ranged monster.
  1857 | D:3      | 1857 ||| Waiting for ranged monster.
  1858 | D:3      | 1858 ||| Waiting for ranged monster.
  1861 | D:3      | 1861 ||| Waiting for ranged monster.
  1862 | D:3      | 1862 ||| Waiting for ranged monster.
  1877 | D:3      | 1877 ||| Stepping ~*~*~tactically~*~*~ (hiding).
  1877 | D:3      | Noticed Sigmund
  1878 | D:3      | 1878 ||| Stepping ~*~*~tactically~*~*~ (hiding).
  1879 | D:3      | 1879 ||| Waiting for ranged monster.
  1880 | D:3      | 1880 ||| Waiting for ranged monster.
  1881 | D:3      | 1881 ||| DRINKING 2 potions of might.
  1881 | D:3      | 1881 ||| (Quaffed as a fallback buff.)
  1887 | D:3      | Killed Sigmund
  1887 | D:3      | Reached skill level 6 in Axes
  1887 | D:3      | Reached skill level 3 in Evocations
  1887 | D:3      | Reached XP level 6. HP: 33/55 MP: 5/8
  1924 | D:3      | Found a bloodstained altar of Trog.
  1957 | D:3      | 1957 ||| DRINKING potion of might.
  1957 | D:3      | 1957 ||| (Quaffed as a fallback buff.)
  1959 | D:3      | 1959 ||| Stepping ~*~*~tactically~*~*~ (hiding).
  1974 | D:3      | 1974 ||| Stepping ~*~*~tactically~*~*~ (hiding).
  1975 | D:3      | 1975 ||| Stepping ~*~*~tactically~*~*~ (hiding).
  1976 | D:3      | 1976 ||| Stepping ~*~*~tactically~*~*~ (hiding).
  1979 | D:3      | 1979 ||| Waiting for ranged monster.
  1980 | D:3      | 1980 ||| Waiting for ranged monster.
  1981 | D:3      | 1981 ||| Waiting for ranged monster.
  1982 | D:3      | 1982 ||| Waiting for ranged monster.
  1983 | D:3      | 1983 ||| Waiting for ranged monster.
  1984 | D:3      | 1984 ||| Waiting for ranged monster.
  1985 | D:3      | 1985 ||| Waiting for ranged monster.
  2029 | D:3      | 2029 ||| INVOKING Heal Wounds.
  2055 | D:3      | 2055 ||| DROPPING +0 mace.
  2111 | D:3      | Found a basalt altar of Yredelemnul.
  2316 | D:3      | 2316 ||| READING 3 scrolls labeled MISETRA MYDDE.
  2317 | D:3      | 2317 ||| READING scroll labeled HERUTT ITTEPP.
  2318 | D:3      | 2318 ||| DRINKING 2 yellow potions.
  2319 | D:3      | 2319 ||| DROPPING 2 scrolls of fog.
  2351 | D:4      | Noticed Natasha
  2352 | D:4      | 2352 ||| Stepping ~*~*~tactically~*~*~ (hiding).
  2353 | D:4      | 2353 ||| Waiting for ranged monster.
  2362 | D:4      | Killed Natasha
  2363 | D:4      | Found a shimmering altar of Xom.
  2366 | D:4      | Found a hide-covered altar of Uskayaw.
  2366 | D:4      | Found an ancient bone altar of Kikubaaqudgha.
  2366 | D:4      | Found a white marble altar of Elyvilon.
  2368 | D:4      | 2368 ||| Stepping ~*~*~tactically~*~*~ (hiding).
  2369 | D:4      | 2369 ||| Stepping ~*~*~tactically~*~*~ (hiding).
  2370 | D:4      | 2370 ||| Stepping ~*~*~tactically~*~*~ (hiding).
  2371 | D:4      | 2371 ||| Waiting for ranged monster.
  2374 | D:4      | 2374 ||| Stepping ~*~*~tactically~*~*~ (hiding).
  2383 | D:4      | 2383 ||| INVOKING Heal Wounds.
  2389 | D:4      | 2389 ||| INVOKING Heal Wounds.
  2398 | D:4      | 2398 ||| INVOKING Heal Wounds.
  2405 | D:4      | Reached skill level 7 in Axes
  2406 | D:4      | 2406 ||| EATING 4 rations.
  2410 | D:4      | 2410 ||| DROPPING +0 flail.
  2494 | D:4      | Reached XP level 7. HP: 31/61 MP: 10/10
  2495 | D:4      | 2495 ||| INVOKING Heal Wounds.
  2523 | D:4      | 2523 ||| Stepping ~*~*~tactically~*~*~ (stealth).
  2524 | D:4      | 2524 ||| Stepping ~*~*~tactically~*~*~ (stealth).
  2528 | D:4      | Noticed Natasha
  2529 | D:4      | 2529 ||| Stepping ~*~*~tactically~*~*~ (stealth).
  2533 | D:4      | 2533 ||| Stepping ~*~*~tactically~*~*~ (hiding).
  2534 | D:4      | 2534 ||| Waiting for ranged monster.
  2540 | D:4      | Killed Natasha
  2541 | D:4      | 2541 ||| Waiting for ranged monster.
  2542 | D:4      | 2542 ||| Waiting for ranged monster.
  2586 | D:4      | Noticed Natasha
  2587 | D:4      | 2587 ||| Stepping ~*~*~tactically~*~*~ (hiding).
  2588 | D:4      | 2588 ||| Waiting for ranged monster.
  2589 | D:4      | 2589 ||| Waiting for ranged monster.
  2594 | D:4      | Killed Natasha
  2595 | D:4      | 2595 ||| Waiting for ranged monster.
  2596 | D:4      | 2596 ||| Waiting for ranged monster.
  2624 | D:4      | Found a stormy altar of Qazlal.
  2803 | D:4      | 2803 ||| DRINKING 2 sedimented sapphire potions.
  2804 | D:4      | 2804 ||| INVOKING Heal Wounds.
  2841 | D:4      | 2841 ||| READING 3 scrolls of identify.
  2841 | D:4      | 2841 ||| IDENTIFYING ring of poison resistance
  2842 | D:4      | 2842 ||| READING 2 scrolls of identify.
  2842 | D:4      | 2842 ||| IDENTIFYING sapphire potion
  2843 | D:4      | 2843 ||| DROPPING potion of brilliance.
  2844 | D:4      | 2844 ||| DROPPING potion of lignification.
  2861 | D:5      | Entered Level 5 of the Dungeon
  2863 | D:5      | 2863 ||| DRINKING 2 potions of agility.
  2863 | D:5      | 2863 ||| (Quaffed as a fallback buff.)
  2864 | D:5      | 2864 ||| DRINKING potion of agility.
  2864 | D:5      | 2864 ||| (Quaffed as a fallback buff.)
  2876 | D:5      | Reached skill level 8 in Axes
  2901 | D:5      | 2901 ||| Stepping ~*~*~tactically~*~*~ (stealth).
  2930 | D:5      | Found a hazy altar of Hepliaklqana.
  3084 | D:5      | Found a staircase to the Ecumenical Temple.
  3286 | D:5      | 3286 ||| Stepping ~*~*~tactically~*~*~ (stealth).
  3287 | D:5      | 3287 ||| Stepping ~*~*~tactically~*~*~ (stealth).
  3412 | D:5      | 3412 ||| EATING 7 rations.
  3443 | D:5      | 3443 ||| READING scroll labeled YNEAHI FETA.
  3444 | D:5      | 3444 ||| READING scroll labeled GAQEFA BOGUA.
  3445 | D:5      | 3445 ||| READING 3 scrolls of identify.
  3445 | D:5      | 3445 ||| IDENTIFYING green potion
  3446 | D:5      | 3446 ||| READING 2 scrolls of identify.
  3446 | D:5      | 3446 ||| IDENTIFYING fuming inky potion
  3447 | D:5      | 3447 ||| DROPPING potion of flight.
  3575 | D:6      | Found a sacrificial altar of Ru.
  3591 | D:6      | Reached skill level 3 in Fighting
  3676 | D:6      | 3676 ||| INVOKING Heal Wounds.
  3817 | D:6      | Reached XP level 8. HP: 37/69 MP: 9/9
  3818 | D:6      | 3818 ||| INVOKING Heal Wounds.
  3822 | D:6      | Noticed Edmund
  3834 | D:6      | Killed Edmund
  3834 | D:6      | Reached skill level 9 in Axes
  3839 | D:6      | 3839 ||| DROPPING +1 flail of venom.
  3840 | D:6      | 3840 ||| UPGRADING to +0 chain mail.
  3850 | D:6      | 3850 ||| DROPPING +0 scale mail.
  3881 | D:6      | 3881 ||| Stepping ~*~*~tactically~*~*~ (stealth).
  3882 | D:6      | 3882 ||| Stepping ~*~*~tactically~*~*~ (stealth).
  3883 | D:6      | 3883 ||| Stepping ~*~*~tactically~*~*~ (stealth).
  3885 | D:6      | 3885 ||| Stepping ~*~*~tactically~*~*~ (hiding).
  3886 | D:6      | 3886 ||| Waiting for ranged monster.
  3887 | D:6      | 3887 ||| Waiting for ranged monster.
  3930 | D:6      | 3930 ||| INVOKING Heal Wounds.
  3931 | D:6      | 3931 ||| INVOKING Heal Wounds.
  3943 | D:6      | 3943 ||| INVOKING Heal Wounds.
  3974 | D:6      | 3974 ||| DRINKING potion of haste.
  3974 | D:6      | 3974 ||| (Quaffed as a fallback buff.)
  3975 | D:6      | 3975 ||| Stepping ~*~*~tactically~*~*~ (stealth).
  3977 | D:6      | 3977 ||| Stepping ~*~*~tactically~*~*~ (stealth).
  3983 | D:6      | 3983 ||| Stepping ~*~*~tactically~*~*~ (stealth).
  3984 | D:6      | 3984 ||| Stepping ~*~*~tactically~*~*~ (stealth).
  4000 | D:6      | 4000 ||| INVOKING Heal Wounds.
  4004 | D:6      | 4004 ||| INVOKING Heal Wounds.
  4015 | D:6      | 4015 ||| INVOKING Heal Wounds.
  4031 | D:6      | 4031 ||| SWAPPING to +0 broad axe.
  4040 | D:6      | 4040 ||| DROPPING +1 war axe.
  4041 | D:6      | 4041 ||| UPGRADING to +0 plate armour.
  4051 | D:6      | 4051 ||| DROPPING +0 chain mail.
  4237 | D:6      | Found a burning altar of Makhleb.
  4412 | D:6      | 4412 ||| READING scroll labeled VETEPRUNES.
  4413 | D:6      | 4413 ||| READING scroll labeled SECIN XAPPO.
  4427 | D:6      | 4427 ||| EATING 7 rations.
  4447 | D:7      | 4447 ||| UPGRADING to diamond ring.
  4448 | D:7      | 4448 ||| READING 4 scrolls of remove curse.
  4449 | D:7      | 4449 ||| REMOVING ring of attention.
  4450 | D:7      | 4450 ||| DROPPING ring of attention.
  4476 | D:7      | Found Quysun's Armour Boutique.
  4479 | D:7      | Bought a +0 helmet for 58 gold pieces
  4479 | D:7      | 4479 ||| UPGRADING to +0 helmet.
  4497 | D:7      | 4497 ||| Stepping ~*~*~tactically~*~*~ (hiding).
  4498 | D:7      | 4498 ||| Waiting for ranged monster.
  4499 | D:7      | 4499 ||| Waiting for ranged monster.
  4500 | D:7      | 4500 ||| Waiting for ranged monster.
  4576 | D:7      | Reached skill level 10 in Axes
  4693 | D:7      | 4693 ||| INVOKING Heal Wounds.
  4753 | D:7      | 4753 ||| Stepping ~*~*~tactically~*~*~ (stealth).
  4770 | D:7      | 4770 ||| INVOKING Heal Wounds.
  4779 | D:7      | 4779 ||| INVOKING Heal Wounds.
  4862 | D:7      | 4862 ||| Stepping ~*~*~tactically~*~*~ (hiding).
  4864 | D:7      | 4864 ||| Stepping ~*~*~tactically~*~*~ (hiding).
  4865 | D:7      | 4865 ||| Waiting for ranged monster.
  4875 | D:7      | Reached skill level 6 in Shields
  4875 | D:7      | Gained mutation: You passively map the area around you.
                  | [Deep Dwarf growth]
  4875 | D:7      | Reached XP level 9. HP: 57/78 MP: 9/9
  4882 | D:7      | 4882 ||| Stepping ~*~*~tactically~*~*~ (stealth).
  4896 | D:7      | 4896 ||| Stepping ~*~*~tactically~*~*~ (stealth).
  5153 | D:7      | 5153 ||| READING scroll labeled REMIXZ QANWYOT.
  5221 | D:8      | 5221 ||| Stepping ~*~*~tactically~*~*~ (stealth).
  5223 | D:8      | 5223 ||| Stepping ~*~*~tactically~*~*~ (stealth).
  5249 | D:8      | 5249 ||| INVOKING Heal Wounds.
  5251 | D:8      | 5251 ||| Stepping ~*~*~tactically~*~*~ (stealth).
  5252 | D:8      | 5252 ||| Stepping ~*~*~tactically~*~*~ (stealth).
  5255 | D:8      | 5255 ||| INVOKING Heal Wounds.
  5414 | D:8      | 5414 ||| EATING 8 rations.
  5416 | D:8      | 5416 ||| Stepping ~*~*~tactically~*~*~ (hiding).
  5417 | D:8      | 5417 ||| Waiting for ranged monster.
  5418 | D:8      | 5418 ||| Waiting for ranged monster.
  5419 | D:8      | 5419 ||| Waiting for ranged monster.
  5428 | D:8      | 5428 ||| Stepping ~*~*~tactically~*~*~ (stealth).
  5443 | D:8      | Reached skill level 11 in Axes
  5530 | D:8      | 5530 ||| Stepping ~*~*~tactically~*~*~ (stealth).
  5531 | D:8      | 5531 ||| Stepping ~*~*~tactically~*~*~ (stealth).
  5534 | D:8      | 5534 ||| Stepping ~*~*~tactically~*~*~ (stealth).
  5536 | D:8      | 5536 ||| Stepping ~*~*~tactically~*~*~ (stealth).
  5559 | D:8      | 5559 ||| INVOKING Heal Wounds.
  5601 | D:8      | 5601 ||| Stepping ~*~*~tactically~*~*~ (hiding).
  5613 | D:8      | 5613 ||| Stepping ~*~*~tactically~*~*~ (hiding).
  5614 | D:8      | 5614 ||| Waiting for ranged monster.
  5615 | D:8      | 5615 ||| Waiting for ranged monster.
  5616 | D:8      | 5616 ||| Waiting for ranged monster.
  5623 | D:8      | 5623 ||| INVOKING Heal Wounds.
  5632 | D:8      | 5632 ||| INVOKING Heal Wounds.
  5732 | D:8      | Found an iron altar of Okawaru.
  6132 | D:9      | Noticed an orange crystal statue
  6140 | D:9      | 6140 ||| DRINKING 4 potions of curing.
  6140 | D:9      | 6140 ||| (to cure confusion)
  6150 | D:9      | 6150 ||| DRINKING 3 potions of curing.
  6150 | D:9      | 6150 ||| (to cure confusion)
  6151 | D:9      | Reached skill level 3 in Dodging
  6156 | D:9      | Reached skill level 6 in Armour
  6157 | D:9      | 6157 ||| DRINKING 2 potions of curing.
  6157 | D:9      | 6157 ||| (to cure confusion)
  6158 | D:9      | Noticed a white ugly thing
  6167 | D:9      | 6167 ||| DRINKING potion of curing.
  6167 | D:9      | 6167 ||| (to cure confusion)
  6194 | D:9      | Killed an orange crystal statue
  6194 | D:9      | Reached XP level 10. HP: 61/88 MP: 0/8
  6318 | D:9      | 6318 ||| Stepping ~*~*~tactically~*~*~ (stealth).
  6342 | D:9      | 6342 ||| INVOKING Heal Wounds.
  6343 | D:9      | 6343 ||| EATING 11 rations.
  6515 | D:9      | 6515 ||| Stepping ~*~*~tactically~*~*~ (stealth).
  6535 | D:9      | Reached skill level 12 in Axes
  6569 | D:9      | 6569 ||| Stepping ~*~*~tactically~*~*~ (stealth).
  6589 | D:9      | 6589 ||| INVOKING Heal Wounds.
  6601 | D:9      | 6601 ||| INVOKING Heal Wounds.
  6694 | D:9      | Noticed a two-headed ogre
  6695 | D:9      | 6695 ||| DRINKING potion of agility.
  6695 | D:9      | 6695 ||| (Quaffed as a fallback buff.)
  6704 | D:9      | 6704 ||| INVOKING Heal Wounds.
  6705 | D:9      | 6705 ||| Stepping ~*~*~tactically~*~*~ (stealth).
  6709 | D:9      | 6709 ||| Stepping ~*~*~tactically~*~*~ (stealth).
  6713 | D:9      | Killed a two-headed ogre
  6714 | D:9      | 6714 ||| INVOKING Heal Wounds.
  6716 | D:9      | 6716 ||| Stepping ~*~*~tactically~*~*~ (stealth).
  6718 | D:9      | 6718 ||| Stepping ~*~*~tactically~*~*~ (stealth).
  6770 | D:9      | 6770 ||| INVOKING Heal Wounds.
  6875 | D:9      | Found a burning altar of Makhleb.
  7009 | D:9      | 7009 ||| READING scroll labeled USEMEL SUOTI.
  7049 | D:10     | Entered Level 10 of the Dungeon
  7111 | D:10     | 7111 ||| INVOKING Heal Wounds.
  7140 | D:10     | 7140 ||| Stepping ~*~*~tactically~*~*~ (stealth).
  7141 | D:10     | 7141 ||| Stepping ~*~*~tactically~*~*~ (stealth).
  7152 | D:10     | Noticed a deep elf mage
  7161 | D:10     | 7161 ||| INVOKING Heal Wounds.
  7162 | D:10     | Noticed an orange demon
  7165 | D:10     | 7165 ||| INVOKING Heal Wounds.
  7167 | D:10     | 7167 ||| INVOKING Heal Wounds.
  7168 | D:10     | 7168 ||| INVOKING Heal Wounds.
  7170 | D:10     | 7170 ||| INVOKING Heal Wounds.
  7176 | D:10     | 7176 ||| INVOKING Heal Wounds.
  7188 | D:10     | 7188 ||| INVOKING Heal Wounds.
  7190 | D:10     | 7190 ||| INVOKING Heal Wounds.
  7192 | D:10     | 7192 ||| INVOKING Heal Wounds.
  7195 | D:10     | 7195 ||| INVOKING Heal Wounds.
  7197 | D:10     | 7197 ||| INVOKING Heal Wounds.
  7199 | D:10     | 7199 ||| INVOKING Heal Wounds.
  7199 | D:10     | HP: 22/91 [demonic crawler[a deep elf mage] (4)]
  7200 | D:10     | 7200 ||| READING 5 scrolls of teleportation.
  7200 | D:10     | HP: 9/91 [demonic crawler[a deep elf mage] (7)]
  7201 | D:10     | Noticed an orange demon
  7201 | D:10     | 7201 ||| DRINKING potion of curing.
  7201 | D:10     | 7201 ||| (to cure bad poison)
  7201 | D:10     | HP: 3/91 [orange demon[a deep elf mage] (4)]
  7202 | D:10     | 7202 ||| INVOKING Heal Wounds.
  7203 | D:10     | Noticed an orange demon
  7203 | D:10     | 7203 ||| INVOKING Heal Wounds.
  7204 | D:10     | 7204 ||| INVOKING Heal Wounds.
  7205 | D:10     | 7205 ||| INVOKING Heal Wounds.
  7237 | D:10     | 7237 ||| Stepping ~*~*~tactically~*~*~ (stealth).
  7238 | D:10     | 7238 ||| Stepping ~*~*~tactically~*~*~ (stealth).
  7250 | D:10     | Reached skill level 6 in Fighting
  7272 | D:10     | 7272 ||| INVOKING Heal Wounds.
  7273 | D:10     | 7273 ||| EATING 12 rations.
  7392 | D:10     | 7392 ||| READING scroll of enchant armour.
  7392 | D:10     | 7392 ||| ENCHANTING +0 helmet.
  7405 | D:10     | 7405 ||| Stepping ~*~*~tactically~*~*~ (stealth).
  7406 | D:10     | 7406 ||| Stepping ~*~*~tactically~*~*~ (stealth).
  7407 | D:10     | 7407 ||| Stepping ~*~*~tactically~*~*~ (stealth).
  7411 | D:10     | 7411 ||| Stepping ~*~*~tactically~*~*~ (hiding).
  7412 | D:10     | 7412 ||| Waiting for ranged monster.
  7425 | D:10     | Killed a deep elf mage
  7425 | D:10     | Reached skill level 6 in Evocations
  7426 | D:10     | 7426 ||| INVOKING Heal Wounds.
  7745 | D:10     | 7745 ||| READING scroll labeled UGHAOH BOOJIY.
  7745 | D:10     | Identified a scroll of acquirement
  7747 | D:10     | 7747 ||| UPGRADING to pair of embroidered boots.
  7780 | D:11     | 7780 ||| INVOKING Heal Wounds.
  7830 | D:11     | Found a transporter.
  7842 | D:11     | Found a transporter.
  7842 | D:11     | Noticed an orc high priest
  7844 | D:11     | Noticed a two-headed ogre
  7848 | D:11     | Noticed an orc sorcerer
  7854 | D:11     | 7854 ||| FLEEEEING.
  7856 | D:11     | 7856 ||| FLEEEEING.
  7857 | D:11     | 7857 ||| FLEEEEING.
  7858 | D:11     | 7858 ||| STILL FLEEEEING.
  7859 | D:11     | 7859 ||| STILL FLEEEEING.
  7860 | D:11     | 7860 ||| STILL FLEEEEING.
  7861 | D:11     | 7861 ||| STILL FLEEEEING.
  7862 | D:11     | 7862 ||| STILL FLEEEEING.
  7891 | D:11     | Reached XP level 11. HP: 59/97 MP: 1/3
  7894 | D:11     | 7894 ||| INVOKING Heal Wounds.
  7901 | D:11     | 7901 ||| INVOKING Heal Wounds.
  7915 | D:11     | 7915 ||| INVOKING Heal Wounds.
  7932 | D:11     | Paralysed by a hornet for 3 turns
  7952 | D:11     | Noticed a brown ugly thing
  7967 | D:11     | 7967 ||| FLEEEEING.
  7968 | D:11     | 7968 ||| FLEEEEING.
  7969 | D:11     | 7969 ||| FLEEEEING.
  7970 | D:11     | 7970 ||| FLEEEEING.
  7971 | D:11     | 7971 ||| FLEEEEING.
  7972 | D:11     | 7972 ||| FLEEEEING.
  7973 | D:11     | 7973 ||| FLEEEEING.
  7974 | D:11     | 7974 ||| FLEEEEING.
  7975 | D:11     | 7975 ||| FLEEEEING.
  7976 | D:11     | 7976 ||| FLEEEEING.
  7977 | D:11     | 7977 ||| FLEEEEING.
  7978 | D:11     | 7978 ||| FLEEEEING.
  7979 | D:11     | 7979 ||| FLEEEEING.
  7980 | D:11     | 7980 ||| INVOKING Heal Wounds.
  7981 | D:11     | 7981 ||| FLEEEEING.
  7982 | D:11     | 7982 ||| FLEEEEING.
  7983 | D:11     | 7983 ||| FLEEEEING.
  7984 | D:11     | 7984 ||| FLEEEEING.
  7985 | D:11     | 7985 ||| FLEEEEING.
  7986 | D:11     | 7986 ||| FLEEEEING.
  7987 | D:11     | 7987 ||| FLEEEEING.
  7988 | D:11     | 7988 ||| FLEEEEING.
  7989 | D:11     | 7989 ||| FLEEEEING.
  7990 | D:11     | 7990 ||| FLEEEEING.
  7991 | D:11     | 7991 ||| FLEEEEING.
  7992 | D:11     | 7992 ||| FLEEEEING.
  7993 | D:11     | 7993 ||| FLEEEEING.
  7994 | D:11     | 7994 ||| FLEEEEING.
  7995 | D:11     | 7995 ||| FLEEEEING.
  7996 | D:11     | 7996 ||| FLEEEEING.
  7997 | D:11     | 7997 ||| FLEEEEING.
  7998 | D:11     | 7998 ||| FLEEEEING.
  7999 | D:11     | 7999 ||| FLEEEEING.
  8000 | D:11     | 8000 ||| FLEEEEING.
  8001 | D:11     | 8001 ||| FLEEEEING.
  8002 | D:11     | 8002 ||| FLEEEEING.
  8003 | D:11     | 8003 ||| FLEEEEING.
  8004 | D:11     | 8004 ||| FLEEEEING.
  8005 | D:11     | 8005 ||| FLEEEEING.
  8006 | D:11     | 8006 ||| FLEEEEING.
  8007 | D:11     | 8007 ||| FLEEEEING.
  8008 | D:11     | 8008 ||| FLEEEEING.
  8009 | D:11     | 8009 ||| FLEEEEING.
  8010 | D:11     | 8010 ||| FLEEEEING.
  8011 | D:11     | 8011 ||| INVOKING Heal Wounds.
  8015 | D:11     | Killed a brown ugly thing
  8046 | D:11     | 8046 ||| Stepping ~*~*~tactically~*~*~ (hiding).
  8047 | D:11     | 8047 ||| Waiting for ranged monster.
  8048 | D:11     | 8048 ||| Waiting for ranged monster.
  8059 | D:11     | 8059 ||| INVOKING Heal Wounds.
  8060 | D:11     | 8060 ||| INVOKING Heal Wounds.
  8082 | D:11     | Found a roughly hewn altar of Beogh.
  8110 | D:11     | 8110 ||| Stepping ~*~*~tactically~*~*~ (stealth).
  8122 | D:11     | 8122 ||| Stepping ~*~*~tactically~*~*~ (hiding).
  8123 | D:11     | 8123 ||| Waiting for ranged monster.
  8124 | D:11     | 8124 ||| Waiting for ranged monster.
  8161 | D:11     | 8161 ||| Stepping ~*~*~tactically~*~*~ (hiding).
  8162 | D:11     | 8162 ||| Stepping ~*~*~tactically~*~*~ (hiding).
  8163 | D:11     | 8163 ||| Stepping ~*~*~tactically~*~*~ (hiding).
  8189 | D:11     | 8189 ||| INVOKING Heal Wounds.
  8193 | D:11     | 8193 ||| EATING 15 rations.
  8213 | D:11     | 8213 ||| INVOKING Heal Wounds.
  8228 | D:11     | Found a burning altar of Makhleb.
  8237 | D:11     | Found Bixoweh's Blasphemy Boutique.
  8246 | D:11     | 8246 ||| Stepping ~*~*~tactically~*~*~ (hiding).
  8247 | D:11     | 8247 ||| Waiting for ranged monster.
  8248 | D:11     | 8248 ||| Waiting for ranged monster.
  8249 | D:11     | 8249 ||| Waiting for ranged monster.
  8250 | D:11     | 8250 ||| Waiting for ranged monster.
  8252 | D:11     | 8252 ||| Waiting for ranged monster.
  8253 | D:11     | 8253 ||| Waiting for ranged monster.
  8254 | D:11     | 8254 ||| Waiting for ranged monster.
  8255 | D:11     | 8255 ||| Waiting for ranged monster.
  8258 | D:11     | 8258 ||| Stepping ~*~*~tactically~*~*~ (hiding).
  8259 | D:11     | 8259 ||| Waiting for ranged monster.
  8260 | D:11     | 8260 ||| Waiting for ranged monster.
  8261 | D:11     | 8261 ||| Waiting for ranged monster.
  8265 | D:11     | 8265 ||| Waiting for ranged monster.
  8266 | D:11     | 8266 ||| Waiting for ranged monster.
  8267 | D:11     | 8267 ||| Waiting for ranged monster.
  8285 | D:11     | 8285 ||| Stepping ~*~*~tactically~*~*~ (stealth).
  8295 | D:11     | 8295 ||| Stepping ~*~*~tactically~*~*~ (stealth).
  8296 | D:11     | 8296 ||| Stepping ~*~*~tactically~*~*~ (stealth).
  8316 | D:11     | 8316 ||| Stepping ~*~*~tactically~*~*~ (stealth).
  8330 | D:11     | Reached skill level 9 in Evocations
  8359 | D:11     | Found a staircase to the Orcish Mines.
  8360 | D:11     | 8360 ||| INVOKING Heal Wounds.
  8369 | D:11     | Reached skill level 13 in Axes
  8371 | D:11     | 8371 ||| INVOKING Heal Wounds.
  8460 | D:11     | Noticed Psyche
  8472 | D:11     | 8472 ||| INVOKING Heal Wounds.
  8473 | D:11     | 8473 ||| INVOKING Heal Wounds.
  8575 | D:11     | 8575 ||| Invisible monster not found???
  8606 | D:11     | Found a staircase to the Lair.
  8606 | D:11     | Noticed a red ugly thing
  8608 | D:11     | 8608 ||| Stepping ~*~*~tactically~*~*~ (stealth).
  8609 | D:11     | 8609 ||| Stepping ~*~*~tactically~*~*~ (stealth).
  8634 | D:11     | 8634 ||| INVOKING Heal Wounds.
  8636 | D:11     | 8636 ||| INVOKING Heal Wounds.
  8637 | D:11     | 8637 ||| INVOKING Heal Wounds.
  8647 | D:11     | Killed a red ugly thing
  8648 | D:11     | 8648 ||| INVOKING Heal Wounds.
  8696 | D:11     | 8696 ||| Stepping ~*~*~tactically~*~*~ (stealth).
  8701 | D:11     | Killed Psyche
  8828 | Lair:1   | Entered Level 1 of the Lair of Beasts
  8829 | Lair:1   | 8829 ||| Entered L.
  8859 | Lair:1   | 8859 ||| Stepping ~*~*~tactically~*~*~ (stealth).
  8862 | Lair:1   | 8862 ||| Stepping ~*~*~tactically~*~*~ (stealth).
  8864 | Lair:1   | 8864 ||| Stepping ~*~*~tactically~*~*~ (stealth).
  8865 | Lair:1   | 8865 ||| Stepping ~*~*~tactically~*~*~ (stealth).
  8866 | Lair:1   | 8866 ||| Stepping ~*~*~tactically~*~*~ (stealth).
  8867 | Lair:1   | 8867 ||| Stepping ~*~*~tactically~*~*~ (stealth).
  8868 | Lair:1   | 8868 ||| Stepping ~*~*~tactically~*~*~ (stealth).
  8872 | Lair:1   | 8872 ||| Stepping ~*~*~tactically~*~*~ (stealth).
  8873 | Lair:1   | 8873 ||| Stepping ~*~*~tactically~*~*~ (stealth).
  8874 | Lair:1   | 8874 ||| Stepping ~*~*~tactically~*~*~ (stealth).
  8894 | Lair:1   | 8894 ||| INVOKING Heal Wounds.
  8931 | Lair:1   | 8931 ||| READING scroll of enchant weapon.
  8931 | Lair:1   | 8931 ||| ENCHANTING +0 broad axe.
  8939 | Lair:1   | 8939 ||| Stepping ~*~*~tactically~*~*~ (stealth).
  8951 | Lair:1   | Reached skill level 9 in Shields
  9096 | Lair:1   | 9096 ||| EATING 16 rations.
  9099 | Lair:1   | 9099 ||| Stepping ~*~*~tactically~*~*~ (hiding).
  9100 | Lair:1   | 9100 ||| Stepping ~*~*~tactically~*~*~ (hiding).
  9101 | Lair:1   | 9101 ||| Stepping ~*~*~tactically~*~*~ (hiding).
  9102 | Lair:1   | 9102 ||| Stepping ~*~*~tactically~*~*~ (hiding).
  9103 | Lair:1   | 9103 ||| Waiting for ranged monster.
  9104 | Lair:1   | 9104 ||| Stepping ~*~*~tactically~*~*~ (hiding).
  9105 | Lair:1   | 9105 ||| Waiting for ranged monster.
  9106 | Lair:1   | 9106 ||| Waiting for ranged monster.
  9107 | Lair:1   | 9107 ||| Stepping ~*~*~tactically~*~*~ (stealth).
  9108 | Lair:1   | 9108 ||| Stepping ~*~*~tactically~*~*~ (hiding).
  9109 | Lair:1   | 9109 ||| Waiting for ranged monster.
  9110 | Lair:1   | 9110 ||| Waiting for ranged monster.
  9111 | Lair:1   | 9111 ||| Waiting for ranged monster.
  9114 | Lair:1   | 9114 ||| INVOKING Heal Wounds.
  9115 | Lair:1   | 9115 ||| Waiting for ranged monster.
  9116 | Lair:1   | 9116 ||| Waiting for ranged monster.
  9117 | Lair:1   | 9117 ||| Waiting for ranged monster.
  9119 | Lair:1   | 9119 ||| Stepping ~*~*~tactically~*~*~ (stealth).
  9209 | Lair:1   | 9209 ||| INVOKING Heal Wounds.
  9246 | Lair:1   | 9246 ||| UPGRADING to glowing gilded ring.
  9262 | Lair:1   | 9262 ||| INVOKING Heal Wounds.
  9284 | Lair:1   | 9284 ||| INVOKING Heal Wounds.
  9530 | Lair:1   | 9530 ||| READING 5 scrolls of identify.
  9530 | Lair:1   | 9530 ||| IDENTIFYING orange potion
  9531 | Lair:1   | 9531 ||| DROPPING potion of ambrosia.
  9556 | Lair:2   | 9556 ||| Stepping ~*~*~tactically~*~*~ (stealth).
  9560 | Lair:2   | 9560 ||| Stepping ~*~*~tactically~*~*~ (stealth).
  9565 | Lair:2   | 9565 ||| Stepping ~*~*~tactically~*~*~ (stealth).
  9604 | Lair:2   | 9604 ||| UPGRADING to cloak.
  9678 | Lair:2   | You are sucked into a shaft and drop 2 floors!
  9679 | Lair:4   | 9679 ||| Shafted from Lair:2 to Lair:4.
  9686 | Lair:4   | 9686 ||| Stepping ~*~*~tactically~*~*~ (stealth).
  9691 | Lair:4   | 9691 ||| Stepping ~*~*~tactically~*~*~ (stealth).
  9699 | Lair:4   | HP: 20/97 [porcupine's spines (7)]
  9700 | Lair:4   | 9700 ||| READING 6 scrolls of teleportation.
  9702 | Lair:4   | 9702 ||| STAIRDANCE
  9731 | Lair:3   | 9731 ||| Stepping ~*~*~tactically~*~*~ (stealth).
  9733 | Lair:3   | 9733 ||| READING 5 scrolls of teleportation.
  9734 | Lair:3   | 9734 ||| Stepping ~*~*~tactically~*~*~ (stealth).
  9737 | Lair:3   | 9737 ||| READING 4 scrolls of teleportation.
  9738 | Lair:3   | HP: 18/97 [bullfrog (2)]
  9740 | Lair:3   | Found a hole to the Spider Nest.
  9742 | Lair:3   | 9742 ||| READING 3 scrolls of teleportation.
  9747 | Lair:3   | 9747 ||| READING 2 scrolls of teleportation.
  9757 | Lair:3   | 9757 ||| Stepping ~*~*~tactically~*~*~ (stealth).
  9758 | Lair:3   | 9758 ||| Stepping ~*~*~tactically~*~*~ (stealth).
  9759 | Lair:3   | 9759 ||| READING scroll of teleportation.
  9759 | Lair:3   | HP: 17/97 [water moccasin (1)]
  9761 | Lair:3   | Reached XP level 12. HP: 19/105 MP: 1/1
  9762 | Lair:3   | 9762 ||| INVOKING Heal Wounds.
  9782 | Lair:3   | 9782 ||| Stepping ~*~*~tactically~*~*~ (stealth).
  9784 | Lair:3   | 9784 ||| Stepping ~*~*~tactically~*~*~ (stealth).
  9813 | Lair:3   | 9813 ||| Stepping ~*~*~tactically~*~*~ (stealth).
  9814 | Lair:3   | 9814 ||| Stepping ~*~*~tactically~*~*~ (stealth).
  9855 | Lair:2   | 9855 ||| Successfully unshafted to Lair:2.
  9876 | Lair:2   | HP: 25/105 [porcupine's spines (6)]
  9922 | Lair:2   | 9922 ||| Stepping ~*~*~tactically~*~*~ (stealth).
  9932 | Lair:2   | HP: 24/105 [water moccasin (1)]
  9952 | Lair:2   | HP: 20/105 [bullfrog (4)]
  9971 | Lair:2   | Found a runed translucent door.
  9971 | Lair:2   | Noticed Dommiel19's ghost (novice DrBe)
 10015 | Lair:2   | 10015 ||| DRINKING potion of cancellation.
 10037 | Lair:2   | HP: 13/105 [porcupine (7)]
 10044 | Lair:2   | 10044 ||| EATING 17 rations.
 10052 | Lair:2   | 10052 ||| Stepping ~*~*~tactically~*~*~ (stealth).
 10053 | Lair:2   | 10053 ||| Stepping ~*~*~tactically~*~*~ (stealth).
 10054 | Lair:2   | 10054 ||| Stepping ~*~*~tactically~*~*~ (stealth).
 10055 | Lair:2   | 10055 ||| Stepping ~*~*~tactically~*~*~ (stealth).
 10061 | Lair:2   | HP: 7/105 [black mamba (2)]
 10062 | Lair:2   | HP: 3/105 [black mamba (4)]
 10069 | Lair:2   | Reached skill level 12 in Evocations
 10070 | Lair:2   | 10070 ||| INVOKING Heal Wounds.
 10071 | Lair:2   | 10071 ||| INVOKING Heal Wounds.
 10072 | Lair:2   | 10072 ||| INVOKING Heal Wounds.
 10115 | Lair:2   | 10115 ||| Stepping ~*~*~tactically~*~*~ (stealth).
 10116 | Lair:2   | 10116 ||| Stepping ~*~*~tactically~*~*~ (stealth).
 10141 | Lair:2   | Found a staircase to the Swamp.
 10579 | Lair:2   | 10579 ||| READING 6 scrolls of identify.
 10579 | Lair:2   | 10579 ||| IDENTIFYING blue potion
 10580 | Lair:2   | 10580 ||| READING 5 scrolls of identify.
 10580 | Lair:2   | 10580 ||| IDENTIFYING metallic pink potion
 10581 | Lair:2   | 10581 ||| DROPPING potion of berserk rage.
 10689 | Lair:3   | 10689 ||| Stepping ~*~*~tactically~*~*~ (stealth).
 10713 | Lair:3   | HP: 26/105 [yak (4)]
 10714 | Lair:3   | 10714 ||| READING scroll of teleportation.
 10720 | Lair:3   | HP: 21/105 [electric eel/bolt of electricity (2)]
 10722 | Lair:3   | HP: 6/105 [rime drake/flash freeze (7)]
 10731 | Lair:3   | Killed from afar by an electric eel

Levels and vault maps discovered:
D:1:      sevenhm_arrival_forest_fort_small_6, layout_basic
D:2:      minmay_chambers_of_twos, layout_basic, first_ration,
          chequers_ecumenical_altar_simple, serial_undead, serial_undead_c,
          serial_undead_e, serial_undead_e, serial_undead_e, serial_undead_d,
          serial_undead_b, minmay_misc_feat_roman, grunt_gozag_breadcrumbs
D:3:      kennysheep_the_goblin_king, layout_basic, lightli_temple_of_fire,
          lemuel_doored_altar, nicolae_overflow_crystal_walls, uniq_sigmund
D:4:      layout_basic, kennysheep_mini, grunt_temple_overflow_open,
          ldierk_geyser, uniq_natasha
D:5:      layout_loops_ring, old_standard_altar,
          minmay_temple_entry_statues_pillars
D:6:      layout_loops_corners, nicolae_ru_sacrificial_ziggurat,
          minmay_strange_pillars, lemuel_tele_altar, uniq_edmund
D:7:      layout_basic, serial_shops, nicolae_shop_window_shopping
D:8:      layout_loops_ring, okawaru_trees_2
D:9:      layout_basic, bloody_makhleb, minivault_16
D:10:     layout_long_grid, hangedman_stone_soup
D:11:     gammafunk_beogh_shrine, layout_loops_ring, david_lair_shrubbed,
          david_orc_3, nicolae_evil_shop, uniq_psyche
Lair:1:   layout_chaotic_city, cheibrodos_lair_lostbears
Lair:2:   layout_chaotic_city, swamp_mist_pool, ebering_ghost_inner_flame
Lair:3:   layout_roguey, spider_nest_entry_rubble, grunt_megastairs_3,
          serial_bayou_shore_a
Lair:4:   layout_roguey [special_room_mythical_zoo], zaba_anthole,
          pf_torpor_hydra

Skill      XL: |  1  2  3  4  5  6  7  8  9 10 11 12 |
---------------+-------------------------------------+-----
Axes           | 3 4 5 6 7 8 10 11 12 13 | 13.9
Dodging        | 1 2 3 5 |  5.4
Evocations     | 3 4 6 11 12 | 12.7
Shields        | 4 6 7 8 9 |  9.0
Fighting       | 3 4 5 6 |  6.1
Armour         | 4 6 8 |  8.1

Action                   |  1- 3 |  4- 6 |  7- 9 | 10-12 || total
-------------------------+-------+-------+-------+-------++-------
Melee: War axe           |   132 |   205 |   154 |       ||   491
       Broad axe         |       |       |   311 |   815 ||  1126
 Abil: Heal Wounds       |       |     5 |    17 |    50 ||    72
  Use: Scroll            |       |     5 |    10 |    15 ||    30
       Potion            |       |     5 |     8 |     3 ||    16
 Stab: Distracted        |       |       |     3 |     4 ||     7
  Eat: Chunk             |     1 |       |       |       ||     1
       Ration            |       |     2 |     3 |     5 ||    10
Armor: Scale mail        |    49 |    54 |    17 |       ||   120
       Plate armour      |       |       |   242 |   508 ||   750
       Chain mail        |       |       |     4 |       ||     4
Dodge: Dodged            |    32 |    61 |   147 |   327 ||   567
Block: Shield            |    62 |    93 |   257 |   538 ||   950

Table legend:
 A = Non-vault XP
 B = Vault XP
 C = Vault XP percentage of total XP
 D = Non-vault monster count
 E = Vault monster count
 F = Vault count percentage of total count
                 A         B        C        D         E       F
            +---------+---------+-------+---------+---------+-------
      Total |   22973 |    5490 |  19.3 |     302 |      46 |  13.2
            +---------+---------+-------+---------+---------+-------
        D:1 |      42 |       0 |   0.0 |      27 |       0 |   0.0
        D:2 |      65 |      40 |  38.1 |      16 |      12 |  42.9
        D:3 |     156 |     274 |  63.7 |      31 |       8 |  20.5
        D:4 |     311 |      35 |  10.1 |      14 |       1 |   6.7
        D:5 |     269 |       0 |   0.0 |       7 |       0 |   0.0
        D:6 |     602 |     162 |  21.2 |      14 |       1 |   6.7
        D:7 |    1126 |       0 |   0.0 |      26 |       0 |   0.0
        D:8 |    1423 |       0 |   0.0 |      30 |       0 |   0.0
        D:9 |    2979 |     685 |  18.7 |      36 |       1 |   2.7
       D:10 |    1216 |     795 |  39.5 |      17 |       4 |  19.0
       D:11 |    5918 |    1429 |  19.5 |      39 |       9 |  18.8
     Lair:1 |    1869 |    1166 |  38.4 |       9 |       4 |  30.8
     Lair:2 |    4471 |       0 |   0.0 |      21 |       0 |   0.0
     Lair:3 |    2306 |     904 |  28.2 |      13 |       6 |  31.6
     Lair:4 |     220 |       0 |   0.0 |       2 |       0 |   0.0
            +---------+---------+-------+---------+---------+-------
